AoeStats
← Tomachela

Arabia

508762768Analyzed
3v3 RM · 9d ago on Sep 23, 2026· 40m 38s· 6 players
Game mode
Random Map
Map size
Normal (6 player)
Population
200
Speed
Normal
Resources
Standard
Victory
Conquest
Starting age
Dark Age
Ending age
Imperial Age
RankedLock teamsTeams togetherTeam positionsShared explorationLock speedFull tech treeHidden civsTurbo modeCheats
Victory
Defeat
🇦🇷 Franks · Argentina
1075
+14
🇦🇷 Cumans · Argentina
1049
+16
🇦🇷 Vietnamese · Argentina
913
+21
🇨🇱 Ethiopians · Chile
1088
-19
🇨🇱 Varangians · Chile
1026
-17
🇨🇱 Franks · Chile
991
-15
joaaco182
7:22 Loom
9:57 Feudal Age
14:41 Fletching
26:16 Castle Age
36:28 Bodkin Arrow
37:15 Pikeman
38:50 Crossbowman
nkz ; banhoul
8:19 Loom
10:47 Feudal Age
12:06 Double-Bit Axe
13:10 Horse Collar
14:02 Gold Mining
20:15 Castle Age
18:55 Fletching
20:22 Crossbowman
23:02 Stone Mining
23:50 Wheelbarrow
25:08 Thumb Ring
31:06 Ballistics
38:13 Squires
38:36 Forging
38:21 Bodkin Arrow
38:27 Scale Mail Armor
38:54 Heavy Plow
Jtnbad
7:25 Loom
9:11 Feudal Age
10:19 Double-Bit Axe
13:15 Wheelbarrow
20:29 Castle Age
20:19 Scale Barding Armor
20:26 Forging
21:45 Husbandry
22:36 Bow Saw
24:05 Chain Barding Armor
26:35 Gold Mining
30:03 Town Watch
31:42 Iron Casting
37:22 Imperial Age
35:16 Stone Mining
39:11 Gold Shaft Mining
39:45 Plate Barding Armor
40:11 Blast Furnace
38:34 Cavalier
40:02 Paladin
41:38 Conscription
Cralitos
7:56 Loom
11:42 Feudal Age
16:54 Castle Age
15:39 Fletching
15:39 Double-Bit Axe
25:55 Bodkin Arrow
26:50 Crossbowman
31:46 Padded Archer Armor
32:48 Ballistics
Tomachela
4:51 Loom
10:46 Feudal Age
12:05 Double-Bit Axe
20:52 Scale Barding Armor
20:57 Forging
23:31 Castle Age
25:18 Gold Mining
26:08 Husbandry
31:55 Elite Skirmisher
37:05 Pikeman
39:26 Chain Barding Armor
39:42 Iron Casting
Pollo
8:54 Loom
11:00 Feudal Age
12:27 Double-Bit Axe
12:24 Horse Collar
18:41 Man-at-Arms
19:25 Scale Mail Armor
19:37 Forging
24:13 Castle Age
23:13 Gold Mining
26:32 Bow Saw
Connection lost

Rejoining the realm…

Still unreachable

The connection could not be restored.

Session expired

The server has moved on; the page needs a fresh start.